BSA
AUSTIN RIVER SHARKS @ KALAMAZOO ROYALE WITH CHEESE
04/01/2024
 
TOP OF THE 1ST
Austin River Sharks batting - Pitching for Kalamazoo Royale with Cheese : RHP José Salazar
Pitching: RHP José Salazar
Batting: RHB Tyler Wagner 0-0: Ball
1-0: Fly out, F8 (Flyball, 8LS)
Batting: SHB Juan Castro 0-0: Called Strike
0-1: Swinging Strike
0-2: Ball
1-2: Strikes out swinging
Batting: LHB Roberto García 0-0: Reached on error, E5 (Groundball, 5L)
Batting: LHB Luis Padilla 0-0: Ground out U3 (Groundball, 3)
Top of the 1st over - 0 run(s), 0 hit(s), 1 error(s), 1 left on base; Austin 0 - Kalamazoo 0
BOTTOM OF THE 1ST
Kalamazoo Royale with Cheese batting - Pitching for Austin River Sharks : RHP Troy Lynn
Pitching: RHP Troy Lynn
Batting: LHB Bryce Hopkins 0-0: Ball
1-0: Called Strike
1-1: Ground out 4-3 (Groundball, 34)
Batting: RHB Matt Perkins 0-0: Ball
1-0: Ball
2-0: Ball
3-0: Base on Balls
Batting: LHB Robbie McLaughlin 0-0: Ball
1-0: Grounds into double play, 5-4-3 (Groundball, 56)
Bottom of the 1st over - 0 run(s), 0 hit(s), 0 error(s), 0 left on base; Austin 0 - Kalamazoo 0
TOP OF THE 2ND
Austin River Sharks batting - Pitching for Kalamazoo Royale with Cheese : RHP José Salazar
Batting: LHB Pedro Zaragoza 0-0: Swinging Strike
0-1: Ball
1-1: Ball
2-1: Fly out, F9 (Flyball, 89M)
Batting: RHB Rich Ruffin 0-0: Foul Ball, location: 2F
0-1: Fly out, F3 (Popup, 34)
Batting: RHB Kenneth Roberts 0-0: Called Strike
0-1: Ball
1-1: Foul Ball, location: 2F
1-2: Ball
2-2: Ground out 6-3 (Groundball, 6)
Top of the 2nd over - 0 run(s), 0 hit(s), 0 error(s), 0 left on base; Austin 0 - Kalamazoo 0
BOTTOM OF THE 2ND
Kalamazoo Royale with Cheese batting - Pitching for Austin River Sharks : RHP Troy Lynn
Batting: LHB Stan Hickman 0-0: Foul Ball, location: 2F
0-1: Foul Ball, location: 2F
0-2: Foul Ball, location: 2F
0-2: Foul Ball, location: 2F
0-2: Foul Ball, location: 2F
0-2: Ball
1-2: Strikes out looking
Batting: RHB Run-ming Zhu 0-0: Called Strike
0-1: Ball
1-1: Ball
2-1: Hit by Pitch
Batting: LHB Francisco Torres 0-0: Called Strike
0-1: Ball
1-1: Ball
2-1: Foul Ball, location: 2F
2-2: Ball
3-2: Fielders Choice at 2nd, 6-4 (Groundball, 6M)
Batting: LHB Ben Moss 0-0: Called Strike
0-1: Ball
1-1: Called Strike
1-2: Ball
2-2: Ball
3-2: Ground out 1-3 (Groundball, 3S)
Bottom of the 2nd over - 0 run(s), 0 hit(s), 0 error(s), 1 left on base; Austin 0 - Kalamazoo 0
TOP OF THE 3RD
Austin River Sharks batting - Pitching for Kalamazoo Royale with Cheese : RHP José Salazar
Batting: RHB José Balina 0-0: Called Strike
0-1: Called Strike
0-2: Foul Ball, location: 2F
0-2: Ground out 4-3 (Groundball, 4M)
Batting: RHB Hidetada Kichida 0-0: Called Strike
0-1: Ball
1-1: Ball
2-1: Ground out 6-3 (Groundball, 56D)
Batting: RHB Tyler Wagner 0-0: Called Strike
0-1: Foul Ball, location: 2F
0-2: Ball
1-2: Strikes out swinging
Top of the 3rd over - 0 run(s), 0 hit(s), 0 error(s), 0 left on base; Austin 0 - Kalamazoo 0
BOTTOM OF THE 3RD
Kalamazoo Royale with Cheese batting - Pitching for Austin River Sharks : RHP Troy Lynn
Batting: LHB Jack Hewat 0-0: Ball
1-0: Ball
2-0: Fly out, F8 (Line Drive, 8LS)
Batting: LHB Sergio Díaz 0-0: Swinging Strike
0-1: Ball
1-1: Ball
2-1: Ground out 6-3 (Groundball, 6M)
Batting: LHB Bryce Hopkins 0-0: Swinging Strike
0-1: Foul Ball, location: 2F
0-2: Ball
1-2: Ball
2-2: Ball
3-2: SINGLE (Groundball, 34)
Batting: RHB Matt Perkins 0-0: Ball
1-0: Swinging Strike
1-1: Foul Ball, location: 2F
1-2: Ball
2-2: Strikes out looking
Bottom of the 3rd over - 0 run(s), 1 hit(s), 0 error(s), 1 left on base; Austin 0 - Kalamazoo 0
TOP OF THE 4TH
Austin River Sharks batting - Pitching for Kalamazoo Royale with Cheese : RHP José Salazar
Batting: SHB Juan Castro 0-0: Called Strike
0-1: Ball
1-1: Bunt missed!
1-2: Ball
2-2: Strikes out swinging
Batting: LHB Roberto García 0-0: Ball
1-0: SINGLE (Line Drive, 6M)
Batting: LHB Luis Padilla 0-0: Called Strike
0-1: Ball
1-1: Called Strike
1-2: Ground out 5-3 (Groundball, 15S)
Roberto García to second
Batting: LHB Pedro Zaragoza 0-0: Ball
1-0: Ball
2-0: Called Strike
2-1: SINGLE (Flyball, 8LS)
Roberto García to third
Batting: RHB Rich Ruffin 0-0: Called Strike
0-1: Ground out 4-3 (Groundball, 4)
Top of the 4th over - 0 run(s), 2 hit(s), 0 error(s), 2 left on base; Austin 0 - Kalamazoo 0
BOTTOM OF THE 4TH
Kalamazoo Royale with Cheese batting - Pitching for Austin River Sharks : RHP Troy Lynn
Batting: LHB Robbie McLaughlin 0-0: Ball
1-0: Ball
2-0: Ball
3-0: Called Strike
3-1: Base on Balls
Batting: LHB Stan Hickman 0-0: Called Strike
0-1: Ball
1-1: Ball
2-1: Foul Ball, location: 2F
2-2: Foul Ball, location: 2F
2-2: Ball
3-2: Foul Ball, location: 2F
3-2: Foul Ball, location: 2F
3-2: SINGLE (Line Drive, 8RS)
Robbie McLaughlin to second
Batting: RHB Run-ming Zhu 0-0: DOUBLE (Line Drive, 89S)
Robbie McLaughlin scores
Stan Hickman to third
Batting: LHB Francisco Torres 0-0: Ball
1-0: Ball
2-0: Foul Ball, location: 2F
2-1: Ball
3-1: Swinging Strike
3-2: Foul Ball, location: 2F
3-2: Base on Balls
Batting: LHB Ben Moss 0-0: Foul Ball, location: 2F
0-1: Called Strike
0-2: Strikes out swinging
Batting: LHB Jack Hewat 0-0: Foul Ball, location: 2F
0-1: Ball
1-1: SINGLE (Flyball, 8LS)
Stan Hickman scores
Run-ming Zhu to third
Francisco Torres to second
Runner from 3rd tries for Home, SAFE, throw made home
Batting: LHB Sergio Díaz 0-0: Called Strike
0-1: SINGLE (Flyball, 8LS)
Francisco Torres to third
Jack Hewat to second
Runner from 3rd tries for Home, SAFE, no throw or cutoff
Batting: LHB Bryce Hopkins 0-0: Called Strike
0-1: SINGLE (Line Drive, 9S)
Jack Hewat to third
Sergio Díaz to second
Batting: RHB Matt Perkins 0-0: Called Strike
0-1: Swinging Strike
0-2: Fly out, F7 (Flyball, 7D)
Runner from 3rd tags up, SCORES, no throw
Batting: LHB Robbie McLaughlin 0-0: Swinging Strike
0-1: Called Strike
0-2: Strikes out swinging
Bottom of the 4th over - 5 run(s), 5 hit(s), 0 error(s), 2 left on base; Austin 0 - Kalamazoo 5
TOP OF THE 5TH
Austin River Sharks batting - Pitching for Kalamazoo Royale with Cheese : RHP José Salazar
Batting: RHB Kenneth Roberts 0-0: Ball
1-0: Foul Ball, location: 2F
1-1: Ball
2-1: Ball
3-1: Called Strike
3-2: Strikes out looking
Batting: RHB José Balina 0-0: Ball
1-0: Foul Ball, location: 2F
1-1: Bunt for hit - play at first, batter OUT! 5-3
Batting: RHB Hidetada Kichida 0-0: Foul Ball, location: 2F
0-1: Fly out, F9 (Flyball, 89M)
Top of the 5th over - 0 run(s), 0 hit(s), 0 error(s), 0 left on base; Austin 0 - Kalamazoo 5
BOTTOM OF THE 5TH
Kalamazoo Royale with Cheese batting - Pitching for Austin River Sharks : RHP Troy Lynn
Batting: LHB Stan Hickman 0-0: Ball
1-0: Called Strike
1-1: Ball
2-1: Foul Ball, location: 2F
2-2: Ball
3-2: Ground out U3 (Groundball, 3L)
Batting: RHB Run-ming Zhu 0-0: Called Strike
0-1: Ball
1-1: Foul Ball, location: 2F
1-2: Strikes out swinging
Batting: LHB Francisco Torres 0-0: Hit by Pitch
Batting: LHB Ben Moss 0-0: Ball
1-0: Fly out, F7 (Flyball, 78M)
Bottom of the 5th over - 0 run(s), 0 hit(s), 0 error(s), 1 left on base; Austin 0 - Kalamazoo 5
TOP OF THE 6TH
Austin River Sharks batting - Pitching for Kalamazoo Royale with Cheese : RHP José Salazar
Batting: RHB Tyler Wagner 0-0: Ball
1-0: Ball
2-0: Ball
3-0: Base on Balls
Batting: SHB Juan Castro 0-0: Called Strike
0-1: Ball
1-1: Ball
2-1: SINGLE (Groundball, 5L)
Tyler Wagner to second
Batting: LHB Roberto García 0-0: Ball
1-0: Called Strike
1-1: Ball
2-1: Swinging Strike
2-2: Foul Ball, location: 2F
2-2: Foul Ball, location: 2F
2-2: Ball
3-2: Grounds into double play, 6-4-3 (Groundball, 6)
Tyler Wagner to third
Batting: LHB Luis Padilla 0-0: Ball
1-0: Called Strike
1-1: Fly out, F5 (Line Drive, 56)
Top of the 6th over - 0 run(s), 1 hit(s), 0 error(s), 1 left on base; Austin 0 - Kalamazoo 5
BOTTOM OF THE 6TH
Kalamazoo Royale with Cheese batting - Pitching for Austin River Sharks : RHP Troy Lynn
Pitching: RHP Pedro Magana
Batting: LHB Jack Hewat 0-0: Ball
1-0: Called Strike
1-1: Swinging Strike
1-2: Ball
2-2: Ball
3-2: Ground out 6-3 (Groundball, 6)
Batting: LHB Sergio Díaz 0-0: Ball
1-0: Called Strike
1-1: Ground out 4-3 (Groundball, 4)
Batting: LHB Bryce Hopkins 0-0: Foul Ball, location: 2F
0-1: Ball
1-1: Called Strike
1-2: Ball
2-2: Foul Ball, location: 2F
2-2: Foul Ball, location: 2F
2-2: Ground out 4-3 (Groundball, 4)
Bottom of the 6th over - 0 run(s), 0 hit(s), 0 error(s), 0 left on base; Austin 0 - Kalamazoo 5
TOP OF THE 7TH
Austin River Sharks batting - Pitching for Kalamazoo Royale with Cheese : RHP José Salazar
Batting: LHB Pedro Zaragoza 0-0: SINGLE (Line Drive, 89M)
Batting: RHB Rich Ruffin 0-0: Ball
1-0: Ball
2-0: Ball
3-0: Called Strike
3-1: Foul Ball, location: 2F
3-2: Foul Ball, location: 2F
3-2: Strikes out swinging
Pedro Zaragoza is caught stealing 2nd base
Batter strikes out.
Batting: RHB Kenneth Roberts 0-0: Ball
1-0: Foul Ball, location: 2F
1-1: SINGLE (Line Drive, 6M)
Batting: RHB José Balina 0-0: Called Strike
0-1: Fly out, F1 (Popup, 15S)
Top of the 7th over - 0 run(s), 2 hit(s), 0 error(s), 1 left on base; Austin 0 - Kalamazoo 5
BOTTOM OF THE 7TH
Kalamazoo Royale with Cheese batting - Pitching for Austin River Sharks : RHP Pedro Magana
Batting: RHB Matt Perkins 0-0: Foul Ball, location: 2F
0-1: Foul Ball, location: 2F
0-2: Foul Ball, location: 2F
0-2: Fly out, F9 (Line Drive, 89D)
Batting: LHB Robbie McLaughlin 0-0: Ball
1-0: Swinging Strike
1-1: Ball
2-1: Ball
3-1: Base on Balls
Batting: LHB Stan Hickman 0-0: Called Strike
0-1: Ball
1-1: Foul Ball, location: 2F
1-2: Fly out, F7 (Flyball, 78XD)
Batting: RHB Run-ming Zhu 0-0: Called Strike
0-1: Called Strike
0-2: Foul Ball, location: 2F
0-2: Hit by Pitch
Robbie McLaughlin to second
Batting: LHB Francisco Torres 0-0: Fly out, F8 (Flyball, 8RXD)
Bottom of the 7th over - 0 run(s), 0 hit(s), 0 error(s), 2 left on base; Austin 0 - Kalamazoo 5
TOP OF THE 8TH
Austin River Sharks batting - Pitching for Kalamazoo Royale with Cheese : RHP José Salazar
Batting: RHB Hidetada Kichida 0-0: Ball
1-0: Fly out, F8 (Flyball, 8RM)
Batting: RHB Tyler Wagner 0-0: Called Strike
0-1: Foul Ball, location: 2F
0-2: Ball
1-2: Strikes out swinging
Batting: SHB Juan Castro 0-0: Ball
1-0: Ball
2-0: Ball
3-0: Base on Balls
Pitching: RHP Fergus Wakeford
Batting: LHB Roberto García 0-0: Ball
1-0: Ground out 4-3 (Groundball, 34)
Top of the 8th over - 0 run(s), 0 hit(s), 0 error(s), 1 left on base; Austin 0 - Kalamazoo 5
BOTTOM OF THE 8TH
Kalamazoo Royale with Cheese batting - Pitching for Austin River Sharks : RHP Pedro Magana
Pitching: RHP Luis Antonio Martínez
Batting: LHB Ben Moss 0-0: Fly out, F6 (Popup, 6MD)
Batting: LHB Jack Hewat 0-0: Called Strike
0-1: Swinging Strike
0-2: Ball
1-2: Ball
2-2: Foul Ball, location: 2F
2-2: Ball
3-2: Foul Ball, location: 2F
3-2: Foul Ball, location: 2F
3-2: Foul Ball, location: 2F
3-2: Strikes out swinging
Batting: LHB Sergio Díaz 0-0: Called Strike
0-1: Ball
1-1: Ball
2-1: Foul Ball, location: 2F
2-2: Strikes out swinging
Bottom of the 8th over - 0 run(s), 0 hit(s), 0 error(s), 0 left on base; Austin 0 - Kalamazoo 5
TOP OF THE 9TH
Austin River Sharks batting - Pitching for Kalamazoo Royale with Cheese : RHP Fergus Wakeford
Batting: LHB Luis Padilla 0-0: Ground out U3 (Groundball, 3L)
Batting: LHB Pedro Zaragoza 0-0: Called Strike
0-1: SINGLE (Line Drive, 89S)
Batting: RHB Rich Ruffin 0-0: Ball
1-0: Called Strike
1-1: Foul Ball, location: 2F
1-2: DOUBLE (Line Drive, 9LM)
Pedro Zaragoza to third
Batting: RHB Kenneth Roberts 0-0: Ball
1-0: SINGLE (Flyball, 89S)
Pedro Zaragoza scores
Rich Ruffin to third
Pitching: LHP Gian-Andrea Nota
Batting: RHB José Balina 0-0: Swinging Strike
0-1: Swinging Strike
0-2: SINGLE (Groundball, 56D)
Rich Ruffin scores
Kenneth Roberts to second
Batting: RHB Hidetada Kichida 0-0: Ball
1-0: Called Strike
1-1: Fielders Choice at 2nd, 4-6 (Groundball, 4M)
Kenneth Roberts to third
Batting: RHB Tyler Wagner 0-0: Ball
1-0: Called Strike
1-1: Fly out, F9 (Flyball, 89D)
Top of the 9th over - 2 run(s), 4 hit(s), 0 error(s), 2 left on base; Austin 2 - Kalamazoo 5
This league is powered by Out of the Park Baseball, the baseball management simulation game for PC, Mac and Linux
Saturday, April 9th, 2016 - OOTP Baseball 16.8 Build 38